Map: Tropical Sacrifice

Players

tekkers

  • Race: Terran Terran
  • League: Bronze
  • Spawn Location: 7:00

VolleMelk - Winner!

  • Race: Terran Terran
  • League: Bronze
  • Spawn Location: 1:00

VOD

Have the link to the VOD?

Description

Time

  • Played on: Sept. 2, 2022, 1:34 p.m.
  • Length: 20:58
Show
View Real Time Build Order
Export as new Build Order

tekkers Terran 

Build Orders:  

Get SALT Encoding   

  12  0:00  SCV  
  13  0:13  SCV  
  14  0:22  Supply Depot  
  14  0:25  SCV  
  15  0:33  Refinery  
  15  0:38  Refinery  
  15  0:44  SCV  
  16  0:59  Barracks  
  16  1:10  SCV  
  17  1:23  Supply Depot  
  17  1:24  SCV  
  18  1:37  SCV  
  19  1:49  SCV  
  20  1:56  Marine  
  21  2:03  SCV  
  21  2:07  Factory  
  22  2:13  Marine  
  22  2:15  SCV  
  24  2:27  SCV  
  25  2:31  Marine  
  26  2:42  Orbital Command  
  26  2:52  Starport  
  26  2:54  Hellion  
  28  3:02  Starport  
  26  3:15  Hellion  
  27  3:33  Marine  
  28  3:38  Hellion  
  30  3:52  Marine  
  31  3:58  Starport Tech Lab, Supply Depot  
  31  3:59  Starport Tech Lab  
  31  4:04  Fusion Core  
  31  4:16  Supply Depot  
  31  4:19  Marine, SCV  
  31  4:20  Supply Depot  
  33  4:25  Liberator x2  
  39  4:31  SCV  
  38  5:08  Battlecruiser  
  44  5:31  SCV  
  45  5:41  Battlecruiser  
  45  6:33  Marine  
  45  6:35  Command Center  
  45  6:36  Hellion  
  45  6:39  Battlecruiser  
  54  7:06  Marine  
  54  7:08  Hellion  
  38  8:08  Battlecruiser  
  44  8:31  Refinery  
  44  8:34  Command Center  
  44  8:36  Refinery  
  44  8:39  Orbital Command  
  44  8:43  SCV  
  44  8:47  Supply Depot  
  45  8:48  Marine  
  45  8:51  Hellion  
  45  8:55  SCV  
  49  8:58  Battlecruiser  
  55  9:06  Marine  
  55  9:07  SCV  
  57  9:12  Hellion  
  59  9:19  SCV  
  60  9:31  SCV  
  60  9:37  Battlecruiser  
  66  9:39  Marine  
  66  9:43  SCV  
  68  9:55  SCV  
  69  10:00  Orbital Command  
  68  10:07  SCV  
  69  10:20  SCV  
  70  10:23  Battlecruiser  
  76  10:32  SCV  
  59  12:00  SCV  
  60  12:04  Weapon Refit  
  60  12:07  Armory  
  60  12:08  SCV  
  60  12:12  Supply Depot, SCV  
  60  12:14  SCV  
  63  12:20  SCV  
  64  12:23  Marine  
  64  12:24  SCV  
  64  12:26  SCV  
  64  12:28  Hellion  
  62  12:40  Marine  
  60  12:49  Hellion  
  60  12:50  SCV  
  63  13:01  Marine  
  63  13:02  SCV  
  59  13:08  Battlecruiser x2  
  59  13:10  Hellion  
  67  13:14  SCV  
  67  13:19  Marine  
  67  13:25  Barracks  
  67  13:26  Barracks  
  67  13:32  Hellion, Engineering Bay  
  69  13:34  Terran Ship Weapons Level 1  
  69  13:37  Marine  
  70  13:53  Hellion  
  70  13:55  Marine  
  73  14:11  Barracks x2  
  73  14:12  Barracks  
  73  14:13  Marine  
  73  14:15  Hellion  
  76  14:18  SCV  
  76  14:22  Battlecruiser x2  
  89  14:25  Barracks Tech Lab  
  89  14:26  Barracks Tech Lab  
  89  14:29  Barracks  
  89  14:30  SCV  
  90  14:35  Engineering Bay  
  90  14:36  Hellion  
  84  15:17  Missile Turret  
  84  15:26  Barracks Reactor  
  84  15:27  Marine x4  
  74  15:50  Battlecruiser x2  
  80  16:16  Barracks Reactor  
  80  16:17  Barracks Reactor x2  
  80  16:21  Combat Shield  
  80  16:22  Stimpack  
  74  16:54  Battlecruiser x2  
  74  16:59  Command Center  
  80  17:41  Command Center  
  80  17:51  Command Center  
  72  18:47  Marine x2  
  72  18:48  Marine x9  
  95  19:05  Planetary Fortress  
  95  19:14  Refinery  
  95  19:20  Refinery  
  95  19:33  SCV  
  95  19:35  Refinery  
  95  19:45  SCV  
  84  19:57  SCV  
  84  19:58  Marine x4  
  84  19:59  Marine x6  
  83  20:16  Marine  
  83  20:20  Missile Turret  
  84  20:22  Missile Turret  
  84  20:32  Missile Turret  
Show
View Real Time Build Order
Export as new Build Order

VolleMelk Terran - Winner!

Build Orders:  

Get SALT Encoding   

  12  0:00  SCV  
  13  0:12  SCV  
  14  0:18  Supply Depot  
  14  0:24  SCV  
  15  0:31  Refinery  
  15  0:42  Barracks  
  15  0:45  SCV  
  16  1:03  SCV  
  16  1:12  Supply Depot  
  16  1:15  Refinery  
  16  1:23  Barracks  
  16  1:28  SCV  
  17  1:35  Reaper  
  18  1:44  SCV  
  19  1:57  Orbital Command  
  19  2:10  Reaper  
  19  2:11  Reaper  
  21  2:24  Factory  
  21  2:28  SCV  
  22  2:40  SCV  
  22  2:42  Reaper  
  22  2:43  Reaper  
  25  2:49  Engineering Bay  
  25  2:52  SCV  
  25  3:34  Marine x2  
  26  3:36  Factory Tech Lab  
  26  3:38  Starport  
  27  3:54  Barracks Tech Lab  
  27  3:55  Barracks Reactor  
  27  4:11  Command Center  
  27  4:15  Bunker, Siege Tank  
  30  4:17  SCV  
  30  4:18  Refinery  
  30  4:20  Terran Infantry Weapons Level 1  
  31  4:30  Supply Depot  
  31  4:36  Starport Tech Lab  
  31  4:46  Missile Turret  
  31  4:51  SCV  
  32  4:52  Marine  
  32  4:53  Marine  
  32  4:54  Marine  
  32  4:59  Stimpack  
  34  5:10  Missile Turret  
  34  5:16  Marine x2  
  34  5:17  Marine  
  37  5:21  Medivac  
  37  5:23  SCV, Siege Tank  
  43  5:29  Supply Depot  
  43  5:34  Marine  
  44  5:39  Orbital Command  
  44  5:44  Marine x2  
  45  6:23  Marauder, Marine x2  
  49  6:37  Armory  
  49  6:40  Marine, Supply Depot  
  49  6:41  Barracks  
  49  6:42  Barracks  
  50  6:55  Missile Turret, SCV  
  50  7:00  SCV  
  52  7:05  Marine  
  52  7:08  SCV  
  54  7:12  Viking, SCV  
  57  7:20  SCV  
  58  7:24  SCV  
  46  8:09  Missile Turret  
  46  8:10  Missile Turret  
  46  8:19  Missile Turret  
  46  8:20  SCV  
  46  8:22  Missile Turret  
  46  8:23  SCV  
  46  8:25  Missile Turret x3  
  48  8:28  Missile Turret  
  48  8:30  Missile Turret, Barracks Reactor  
  48  8:32  SCV  
  49  8:34  Barracks Tech Lab  
  49  8:36  SCV  
  49  8:38  Marine x3  
  53  8:44  Terran Infantry Armor Level 1  
  53  8:45  SCV  
  53  8:47  Terran Vehicle Weapons Level 1  
  53  8:48  SCV  
  55  8:56  Marine x3  
  55  8:57  Siege Tank  
  55  9:01  SCV  
  55  9:02  SCV  
  63  9:13  Marine, Starport, SCV  
  63  9:14  Marine  
  66  9:17  SCV  
  66  9:21  Factory  
  67  9:25  SCV  
  67  9:26  Marine  
  69  9:31  Marine  
  69  10:07  Viking  
  70  10:26  Supply Depot  
  70  10:27  Supply Depot  
  70  10:32  Supply Depot x2  
  70  10:33  Viking, SCV  
  70  10:34  Refinery  
  73  10:37  Viking  
  65  10:52  SCV  
  64  11:03  Viking  
  66  11:05  SCV  
  66  11:07  Viking  
  69  11:17  SCV  
  46  11:33  Viking  
  46  11:37  Viking  
  45  11:53  SCV  
  45  11:54  SCV  
  47  11:57  Command Center  
  47  11:58  Missile Turret  
  47  12:02  Missile Turret  
  47  12:04  Missile Turret x2  
  47  12:06  SCV x2  
  47  12:08  Marine x3  
  49  12:10  Marine  
  49  12:12  Starport Reactor  
  49  12:14  Viking  
  55  12:16  Factory Tech Lab  
  55  12:18  SCV x2, Siege Tank  
  60  12:30  SCV  
  53  13:22  Widow Mine x2  
  57  13:30  SCV  
  57  13:33  SCV  
  59  13:40  Refinery  
  59  13:42  Viking  
  59  13:43  Widow Mine x2, SCV  
  59  13:46  SCV  
  59  13:47  Viking  
  69  13:50  Orbital Command  
  69  13:55  SCV  
  70  13:57  Refinery  
  70  13:58  SCV  
  70  14:00  Refinery  
  71  14:10  SCV  
  71  14:12  Command Center  
  71  14:15  Missile Turret  
  71  14:16  Missile Turret  
  72  14:24  SCV  
  73  14:36  Missile Turret, SCV  
  73  14:38  Missile Turret  
  74  15:03  Missile Turret  
  66  15:07  Missile Turret  
  59  15:26  Missile Turret, Refinery  
  46  15:48  Marine x3  
  46  15:49  Marine  
  50  15:51  Marine  
  50  15:53  Viking x3  
  50  15:54  Terran Infantry Weapons Level 2  
  57  15:59  Terran Ship Weapons Level 1  
  57  16:03  SCV x3  
  60  16:07  Orbital Command  
  60  16:15  SCV x3  
  60  16:23  Viking x2  
  63  16:40  SCV  
  64  16:52  SCV  
  65  17:12  Missile Turret  
  65  17:18  Widow Mine x2  
  65  17:19  Viking  
  65  17:20  Viking x2  
  75  17:26  Marine x5  
  80  17:33  Missile Turret  
  80  17:35  SCV  
  80  17:36  Refinery  
  81  17:39  Widow Mine x2  
  81  17:43  Marine  
  81  17:44  Marine x3  
  85  17:45  Marauder  
  85  17:47  SCV  
  85  17:49  Viking x2  
  85  17:50  Viking  
  90  17:53  Terran Vehicle And Ship Armor Level 1, Missile Turret  
  90  17:59  SCV  
  90  18:00  Widow Mine  
  90  18:01  Marine  
  93  18:06  Marauder  
  93  18:09  Orbital Command  
  94  18:13  Missile Turret  
  94  18:19  Viking x2  
  95  18:20  Viking  
  93  18:38  Marine  
  93  18:39  Marauder, Marine x3  
  93  18:40  Siege Tank  
  93  18:41  Siege Tank  
  104  18:45  SCV  
  105  18:49  Medivac x2  
  105  18:53  Combat Shield  
  109  18:57  Medivac, SCV  
  109  19:00  Marauder  
  114  19:04  Marine x2  
  116  19:19  Medivac  
  116  19:22  Marauder  
  120  19:43  Marauder  
  111  20:04  Marauder  
Tags
 
Add a new tag
Caveats
  • Supply blocks, unpowered buildings, or Contaminate may cause inaccurate times.
  • Supply counts are checked every 10 seconds.